AoeStats
← E-d-d-i-e91G

Nomad

509220662Analyzed
2v2 RM · 7d ago on Sep 25, 2026· 45m 36s· 4 players
Game mode
Random Map
Map size
176×176
Population
200
Speed
Normal
Resources
Standard
Victory
Conquest
Starting age
Dark Age
Ending age
Imperial Age
RankedLock teamsTeams togetherTeam positionsShared explorationLock speedFull tech treeHidden civsTurbo modeCheats
Victory
Defeat
🇦🇺 Goths · Australia
376
+16
🇦🇺 Wu · Australia
354
+16
🇧🇴 Mongols · Bolivia
375
-16
🇺🇸 Wu · United States
373
-16
E-d-d-i-e91G
18:44 Feudal Age
19:39 Double-Bit Axe
19:39 Horse Collar
20:39 Wheelbarrow
19:51 Town Watch
19:52 Fishing Lines
21:39 Arson
23:47 Man-at-Arms
36:04 Castle Age
38:32 Bow Saw
38:30 Heavy Plow
39:11 Stone Mining
39:12 Gold Mining
39:44 Hand Cart
39:33 Town Patrol
39:30 Gillnets
39:53 Medium Warships
41:25 Caravan
41:37 Squires
IAMASTROMAN9714
16:57 Feudal Age
17:45 Gold Mining
18:35 Fishing Lines
22:16 Double-Bit Axe
23:18 Man-at-Arms
25:01 Wheelbarrow
24:15 Horse Collar
27:59 Bloodlines
32:48 Forging
32:39 Scale Mail Armor
32:48 Scale Barding Armor
34:47 Castle Age
36:36 Long Swordsman
38:06 Husbandry
37:29 Light Cavalry
39:22 Iron Casting
41:20 Gillnets
44:10 Chain Mail Armor
44:16 Chain Barding Armor
44:33 Ballistics
46:13 Medium Warships
ndyer98
5:29 Loom
15:27 Feudal Age
17:07 Wheelbarrow
16:50 Double-Bit Axe
17:17 Fishing Lines
27:39 Castle Age
29:15 Hand Cart
alisonsalazarc
21:54 Feudal Age
35:47 Castle Age
36:46 Squires
36:07 Pikeman
Connection lost

Rejoining the realm…

Still unreachable

The connection could not be restored.

Session expired

The server has moved on; the page needs a fresh start.